 Dungeon Crawl Stone Soup version 0.27.1-3-gb3d3a73c9e (webtiles) character file.

Game seed: 2897817924146113678

198 Golfball the Ruffian (level 5, -4/54 HPs)
             Began as a Troll Fighter on Oct 19, 2021.
             Killed by divine providence
             ... invoked by an orc priest
              (15 damage)
             ... on level 4 of the Dungeon.
             The game lasted 00:05:26 (2517 turns).

Golfball the Ruffian (Troll Fighter)                Turns: 2517, Time: 00:05:27

Health: -4/54      AC:  4    Str: 24    XL:     5   Next: 47%
Magic:  0/4        EV:  7    Int:  5    God:
Gold:   272        SH:  8    Dex:  9    Spells: 4/4 levels left

rFire    . . .     SeeInvis .     - Unarmed
rCold    + . .     Faith    .   b - +0 kite shield
rNeg     . . .     Spirit   .   a - +0 robe
rPois    .         Reflect  .   (helmet restricted)
rElec    .         Harm     .   (no cloak)
rCorr    .         Rampage  .   (gloves unavailable)
Will     .....                  (boots unavailable)
Stlth    +.........             (no amulet)
HPRegen  1.18/turn              l - ring of protection from cold
MPRegen  0.09/turn              (no ring)

@: no status effects
A: large, unfitting armour, claws 3, regeneration 1, shaggy fur 1, tough skin 1
a: no special abilities


You were on level 4 of the Dungeon.
You visited 1 branch of the dungeon, and saw 4 of its levels.

You collected 272 gold pieces.

Inventory:

Hand Weapons
 e - a +3 short sword of venom
 i - a +0 mace
 p - a +0 hand axe
Missiles
 q - 15 poisoned darts (quivered)
Armour
 a - a +0 robe (worn)
 b - a +0 kite shield (worn)
Jewellery
 l - a ring of protection from cold (left claw)
Scrolls
 d - 2 scrolls of identify {unknown}
 j - a scroll of immolation {unknown}
 k - 3 scrolls of teleportation {unknown}
 n - a scroll of amnesia {unknown}
 o - a scroll of magic mapping {unknown}
Potions
 c - a potion of might
 f - 3 potions of curing
 g - 2 potions of brilliance {unknown}
 h - a potion of heal wounds {unknown}
 m - a potion of lignification {unknown}


   Skills:
 + Level 4.0 Fighting
 - Level 2.4 Dodging
 - Level 2.4 Shields
 + Level 4.2 Unarmed Combat


You had 4 spell levels left.
You didn't know any spells.
Your spell library contained the following spells:

 Spells                   Type           Power      Damage    Failure   Level
 Summon Small Mammal      Summ           0%         N/A       91%         1
 Call Canine Familiar     Summ           0%         N/A       100%        3
 Summon Guardian Golem    Hex/Summ       0%         N/A       100%        3


Dungeon Overview and Level Annotations

Branches:
Dungeon (4/15)
 Temple: D:4-7

Altars:
Trog
Wu Jian


Innate Abilities, Weirdness & Mutations

You are too large for most types of armour.
You have claws for hands.
Your natural rate of healing is unusually fast.
You are covered in fur. (AC +1)
You have tough skin. (AC +1)


Message History

Throw: 17 darts (poison)
Press: ? - help, Q - select action Shift-Dir - straight line, f - orc priest
Aim: an orc priest, wielding a +0 whip and wearing a +0 leather armour (wandering, hasn't noticed you, 56% to hit)
You throw a poisoned dart.
The poisoned dart barely misses the orc priest.
The orc priest shouts!
Throw: 16 darts (poison)
Press: ? - help, Q - select action Shift-Dir - straight line, f/p - orc priest
Aim: an orc priest, wielding a +0 whip and wearing a +0 leather armour (56% to hit)
You throw a poisoned dart. The poisoned dart hits the orc priest.
An orc priest comes into view. It is wielding a +0 whip.
The orc priest invokes the aid of Beogh against you.
Beogh smites you!
You hear a shout!
The orc priest invokes the aid of Beogh against you.
Beogh smites you!
The orc priest calls down the wrath of Beogh upon you.
Beogh smites you!
* * * LOW HITPOINT WARNING * * *
You scratch the orc.
The orc is almost dead.
The orc hits you with a +2 antimagic whip.
* * * LOW HITPOINT WARNING * * *
You feel your power leaking away.
The orc priest begins to cast a cantrip, but forgets the words!
You barely miss the orc.
The orc is almost dead.
The orc hits you with a +2 antimagic whip.
* * * LOW HITPOINT WARNING * * *
You feel your power leaking away.
The orc priest casts a cantrip, but nothing happens.
You closely miss the orc.
The orc is almost dead.
You block the orc's attack.
The orc priest casts a cantrip, but nothing happens.
You claw the orc!
You kill the orc!
The orc priest mumbles some strange prayers to Beogh against you.
Beogh smites you!
You die...

≈≈ ....(. ≈≈≈. #..#
≈.###....###.≈≈. ###.####
≈≈#...oo.#≈≈≈ #.......
≈≈........≈ ###.#### #......#
###.# ##..[.## #...# #....o.#
##### ## ###...)..######
#####. ###.##.....o@...#
##..... ........#########
##..#... ........# #..#####
........########## #.## #§#
.._.....†........#####.# ####
........########.......###...
........# ###...###§#._.
.>......# #...# ####.#
........# ##### #§#.#


You could see 2 orc priests.

Vanquished Creatures
  Terence (D:3)
  Natasha (thrice) (D:2)
  Robin (D:2)
  An adder (D:3)
  2 worms
  3 dart slugs
  An orc (D:4)
  3 endoplasms
  3 giant cockroaches
  7 goblins (D:2)
  10 hobgoblins
  4 jackals (D:2)
  5 kobolds
  2 quokkas
  8 ball pythons
  6 bats
  2 frilled lizards
  6 rats
68 creatures vanquished.

Notes
Turn   | Place    | Note
-------+----------+-------------------------------------------
     0 | D:1      | Golfball the Troll Fighter began the quest for the Orb.
     0 | D:1      | Reached XP level 1. HP: 22/22 MP: 0/0
   375 | D:1      | Reached XP level 2. HP: 29/29 MP: 1/1
   411 | D:1      | Found a faded altar of an unknown god.
  1050 | D:2      | Noticed Natasha
  1055 | D:2      | Killed Natasha
  1056 | D:2      | Reached XP level 3. HP: 32/37 MP: 2/2
  1092 | D:2      | Noticed Natasha
  1096 | D:2      | Killed Natasha
  1097 | D:2      | Reached XP level 4. HP: 45/45 MP: 3/3
  1212 | D:2      | Noticed Natasha
  1224 | D:2      | Killed Natasha
  1522 | D:2      | Noticed Robin
  1528 | D:2      | Killed Robin
  1718 | D:3      | Noticed Terence
  1733 | D:3      | Killed Terence
  1734 | D:3      | Reached XP level 5. HP: 53/54 MP: 4/4
  2412 | D:4      | Found an ornate altar of the Wu Jian Council.
  2458 | D:4      | Found a bloodstained altar of Trog.
  2517 | D:4      | Killed from afar by an orc priest

Illustrated notes

Levels and vault maps discovered:
D:1:      amcnicky_arrival_blooded_trapdoor, layout_basic,
          hellmonk_ecumenical_altar_slurped_away
D:2:      layout_loops_cross, uniq_natasha, uniq_robin
D:3:      layout_basic, uniq_terence
D:4:      wad_lake_hut, layout_rooms, bloody_trog,
          pdpol_wu_jian_five_deadly_venoms

Skill      XL: |  1  2  3  4  5 |
---------------+----------------+-----
Fighting       | 3 4 |  4.0
Unarmed Combat | 3 4 |  4.2
Dodging        | |  2.4
Shields        | |  2.4

Action                   |  1- 3 |  4- 6 || total
-------------------------+-------+-------++-------
Melee: Unarmed           |    51 |   104 ||   155
Throw: Dart              |       |     2 ||     2
 Stab: Sleeping          |     1 |     1 ||     2
Armor: Robe              |    17 |    22 ||    39
Dodge: Dodged            |    10 |    32 ||    42
Block: Kite shield       |    29 |    41 ||    70
